 Dungeon Crawl Stone Soup version 0.29.1-13-g9f3cf754e1 (webtiles) character file.

Game seed: 9585173419031433219

156 khekkus the Chopper (level 5, -22/46 HPs)
             Began as a Hill Orc Fighter on Jan 25, 2023.
             Annihilated by a two-headed ogre
             ... wielding a +0 giant club
              (31 damage)
             ... on level 4 of the Dungeon.
             The game lasted 00:07:38 (2700 turns).

khekkus the Chopper (Hill Orc Fighter)              Turns: 2700, Time: 00:07:39

Health: -22/46     AC: 10    Str: 21    XL:     5   Next: 37%
Magic:  5/5        EV:  7    Int:  8    God:
Gold:   180        SH:  4    Dex: 10    Spells: 4/4 levels left

rFire   . . .      SeeInvis .   a - +0 war axe
rCold   + . .      Faith    .   c - +0 buckler
rNeg    . . .      Spirit   .   t - +0 chain mail
rPois   .          Reflect  .   (no helmet)
rElec   .          Harm     .   (no cloak)
rCorr   .          Rampage  .   (no gloves)
Will    .....                   r - +0 pair of boots
Stlth   ..........              (no amulet)
HPRegen 0.15/turn               s - ring of protection from cold
MPRegen 0.09/turn               (no ring)

@: mighty
A: no striking features
a: no special abilities


You were on level 4 of the Dungeon.
You visited 1 branch of the dungeon, and saw 4 of its levels.

You collected 180 gold pieces.

Inventory:

Hand Weapons
 a - a +0 war axe (weapon)
Missiles
 l - 23 stones (quivered)
Armour
 c - a +0 buckler (worn)
 r - a +0 pair of boots (worn)
 t - a +0 chain mail (worn)
Jewellery
 s - a ring of protection from cold (left hand)
Scrolls
 e - a scroll of torment {unknown}
 g - a scroll of immolation {unknown}
 i - 2 scrolls of identify {unknown}
 j - 2 scrolls of enchant armour {unknown}
 o - a scroll of blinking {unknown}
 p - a scroll of vulnerability {unknown}
Potions
 d - 2 potions of might
 f - 3 potions of flight {unknown}
 h - 4 potions of curing {unknown}
 k - a potion of brilliance {unknown}
 m - 2 potions of berserk rage {unknown}
 n - a potion of lignification {unknown}
 q - a potion of degeneration {unknown}


   Skills:
 + Level 3.8 Fighting
 + Level 6.3 Axes
 + Level 1.7 Throwing
 + Level 3.3 Armour
 - Level 3.2 Shields


You had 4 spell levels left.
You didn't know any spells.
Your spell library contained the following spells:

 Spells                   Type           Power      Damage    Failure   Level
 Apportation              Tloc           0%         N/A       99%         1
 Magic Dart               Conj           0%         1d3       99%         1
 Call Imp                 Summ           0%         N/A       100%        2
 Gell's Gravitas          Tloc           0%         N/A       100%        3
 Lesser Beckoning         Tloc           0%         N/A       100%        3
 Mephitic Cloud           Conj/Pois/Air  0%         N/A       100%        3
 Teleport Other           Tloc           0%         N/A       100%        3
 Passage of Golubria      Tloc           0%         N/A       100%        4
 Alistair's Intoxication  Tmut/Pois      0%         N/A       100%        5
 Silence                  Hex/Air        0%         N/A       100%        5
 Lehudib's Crystal Spear  Conj/Erth      0%         10d2      100%        8


Dungeon Overview and Level Annotations

Branches:
Dungeon (4/15)
 Temple: D:4-7

Altars:


Message History

There is a stone staircase leading up here.
There is a stone staircase leading down here.
You see here a +0 short sword.
You see here a +0 robe.
You enter the shallow water.
Moving in this stuff is going to be slow.
f - 3 sedimented orange potions (gained 1) Done exploring.
Done exploring.
(D) Dungeon
Where to? (Enter - D:3, ? - help)
There is a stone staircase leading up here.
You see here a +0 robe.
There is a stone staircase leading down here.
You climb downwards.
The endoplasm quivers.
There is a stone staircase leading up here.
An endoplasm is nearby!
Found a stone staircase leading down.
You slash the endoplasm!
You kill the endoplasm!
No target in view!
There is a stone staircase leading down here.
A ball python and a two-headed ogre come into view.
The ball python hisses angrily.
The two-headed ogre shouts in stereo!
A ball python comes into view. x2
The ball python hisses angrily. x2
A kobold comes into view. It is wielding a +0 short sword.
You closely miss the ball python.
The kobold shouts!
The ball python closely misses you. You block the ball python's attack.
You slash the ball python!
You kill the ball python!
You feel very mighty all of a sudden.
The two-headed ogre hits you with a +0 giant club!! x2
* * * LOW HITPOINT WARNING * * *
You barely miss the two-headed ogre.
The two-headed ogre hits you with a +0 giant club!!
Ouch! That really hurt!
You die...

.............# ..##.
.............##......
............<.......
#........#.##......
.#####.....##.# .....
.........>.##.. ....
...#......##.. ...
#.#..##.## ... ..
#...@##... .... .
.......#OS.#.##.##.
...#... #S##... ..
#... K.. ... # .....
...... ....#. .....
.....#. .... ..##...
....


You could see a two-headed ogre, 2 ball pythons and a kobold.

Vanquished Creatures
  Jessica (D:3)
  Terence (D:3)
  3 adders (D:2)
  A worm (D:3)
  3 dart slugs
  5 ball pythons
  6 bats
  5 endoplasms
  2 giant cockroaches
  7 goblins
  8 hobgoblins
  4 jackals
  2 quokkas
  7 frilled lizards
  9 kobolds
  5 rats
69 creatures vanquished.

Vanquished Creatures (others)
  3 plants (D:4)
3 creatures vanquished.

Grand Total: 72 creatures vanquished

Notes
Turn   | Place    | Note
-------+----------+-------------------------------------------
     0 | D:1      | khekkus the Hill Orc Fighter began the quest for the Orb.
     0 | D:1      | Reached XP level 1. HP: 19/19 MP: 1/1
    47 | D:1      | Reached skill level 3 in Axes
    56 | D:1      | Reached XP level 2. HP: 24/26 MP: 2/2
   227 | D:1      | Reached skill level 4 in Axes
   333 | D:1      | Reached XP level 3. HP: 26/31 MP: 3/3
   406 | D:1      | You fall into a shaft and drop 1 floor!
   637 | D:1      | Reached skill level 5 in Axes
   862 | D:1      | Found a faded altar of an unknown god.
  1234 | D:2      | Reached XP level 4. HP: 39/39 MP: 4/4
  1689 | D:3      | Noticed Jessica
  1692 | D:3      | Killed Jessica
  1693 | D:3      | Reached skill level 6 in Axes
  1693 | D:3      | Reached skill level 1 in Throwing
  1976 | D:3      | Reached XP level 5. HP: 44/45 MP: 5/5
  2243 | D:3      | Noticed Terence
  2257 | D:3      | Killed Terence
  2692 | D:4      | Noticed a two-headed ogre
  2700 | D:4      | Annihilated by a two-headed ogre

Illustrated notes

Levels and vault maps discovered:
D:1:      sevenhm_arrival_forest_fort_large_2, layout_basic,
          shapermc_ecumenical_altar_mp_vishouse, st_stairs_11,
          minmay_misc_feat_four_crosses
D:2:      minmay_wonky_spiral, layout_loops_ring
D:3:      layout_loops_cross, amcnicky_mini_rare_corridor_liquid,
          kennysheep_path_1, kennysheep_doodads, uniq_jessica, uniq_terence
D:4:      cheibrodos_old_hovel, layout_cave_pools, ashenzari_altar_1,
          vehumet_altar_wand_db, tgw_kikubaaqudgha, supply_closet_lemuel,
          nrook_uturn, uniq_crazy_yiuf_cottage

Skill      XL: |  1  2  3  4 |
---------------+-------------+-----
Axes           | 3 4 5 6 |  6.3
Throwing       | 1 |  1.7
Fighting       | |  3.8
Armour         | |  3.3
Shields        | |  3.2

Action                   |  1- 3 |  4- 6 || total
-------------------------+-------+-------++-------
Melee: War axe           |   105 |    78 ||   183
  Use: Potion            |       |     1 ||     1
Armor: Scale mail        |    51 |    22 ||    73
       Chain mail        |       |    15 ||    15
Dodge: Dodged            |    49 |    33 ||    82
Block: Buckler           |    26 |    20 ||    46
